AoeStats
← l1si

Nomad

507726653Analyzed
2v2 RM · 2mo ago on Sep 19, 2026· 51m 17s· 4 players
Game mode
Random Map
Map size
176×176
Population
200
Speed
Normal
Resources
Standard
Victory
Conquest
Starting age
Dark Age
Ending age
Imperial Age
RankedLock teamsTeams togetherTeam positionsShared explorationLock speedFull tech treeHidden civsTurbo modeCheats
Victory
Defeat
🇨🇾 Huns · Cyprus
850
+15
🇨🇾 Persians · Cyprus
850
+15
vs
🇳🇿 Koreans · New Zealand
877
-17
🇳🇿 Spanish · New Zealand
770
-13
Kelsey
7:59 Loom
12:20 Feudal Age
13:42 Double-Bit Axe
13:53 Horse Collar
17:02 Fletching
22:34 Castle Age
21:54 Wheelbarrow
23:16 Bodkin Arrow
22:43 Crossbowman
27:37 Ballistics
31:07 Thumb Ring
36:18 Imperial Age
34:05 Hand Cart
35:15 Fortified Wall
37:24 Arbalester
38:05 Bracer
40:04 Siege Engineers
41:06 Chemistry
44:28 Heavy Rocket Cart
therealmikehunt
5:41 Loom
16:31 Feudal Age
17:32 Double-Bit Axe
22:59 Horse Collar
23:22 Gold Mining
25:48 Castle Age
25:43 Town Watch
27:33 Wheelbarrow
27:05 Heavy Plow
27:19 Bow Saw
27:24 Bloodlines
27:16 Husbandry
29:16 Medium Warships
30:49 Murder Holes
36:22 Padded Archer Armor
36:12 Fletching
41:09 Scale Barding Armor
44:03 Fishing Lines
44:56 Pikeman
47:11 Squires
LEO420
4:31 Loom
14:29 Feudal Age
19:33 Castle Age
18:48 Fishing Lines
21:34 Scale Barding Armor
21:40 Forging
22:24 Horse Collar
23:24 Wheelbarrow
22:49 Double-Bit Axe
25:40 Gillnets
27:01 Husbandry
27:35 Bloodlines
28:54 Gold Mining
29:04 Stone Mining
30:21 Gold Shaft Mining
30:50 Chain Barding Armor
33:20 Iron Casting
33:54 Hand Cart
33:58 Bow Saw
36:27 Imperial Age
34:27 Marauders
36:58 Cavalier
38:48 Atheism
38:32 Paladin
40:38 Blast Furnace
40:13 Plate Barding Armor
50:27 Elite Tarkan
l1si
5:59 Loom
14:49 Feudal Age
16:19 Double-Bit Axe
16:43 Horse Collar
18:43 Gold Mining
22:31 Wheelbarrow
31:02 Castle Age
31:03 Stone Mining
32:36 Hand Cart
33:54 Bow Saw
34:23 Stone Shaft Mining
33:54 Heavy Plow
34:33 Gold Shaft Mining
36:34 Medium Warships
38:44 Kamandaran
46:07 Imperial Age
46:02 Elite War Elephant
47:37 Conscription
48:43 Two-Man Saw
48:24 Kamandaran
49:17 Thumb Ring
48:33 Crossbowman
51:29 Crop Rotation
Connection lost

Rejoining the realm…

Still unreachable

The connection could not be restored.

Session expired

The server has moved on; the page needs a fresh start.